 Dungeon Crawl Stone Soup version 0.28.0-47-ge53b351184 (webtiles) character file.

Game seed: 1289511258545531727

158 GigaChad the Covered (level 5, -9/47 HPs)
             Began as a Minotaur Fighter on May 9, 2022.
             Killed by divine providence
             ... invoked by an orc priest
              (16 damage)
             ... on level 3 of the Dungeon.
             The game lasted 00:06:09 (1278 turns).

GigaChad the Covered (Minotaur Fighter)             Turns: 1278, Time: 00:06:09

Health: -9/47      AC: 11    Str: 20    XL:     5   Next: 16%
Magic:  4/4        EV:  7    Int:  5    God:
Gold:   72         SH:  5    Dex: 12    Spells: 4/4 levels left

rFire   . . .      SeeInvis .   a - +0 long sword
rCold   . . .      Faith    .   c - +0 buckler
rNeg    . . .      Spirit   .   e - +2 chain mail
rPois   .          Reflect  .   (helmet restricted)
rElec   .          Harm     .   (no cloak)
rCorr   .          Rampage  .   (no gloves)
Will    .....                   (no boots)
Stlth   ..........              f - amulet of regeneration
HPRegen 0.95/turn               (no ring)
MPRegen 0.09/turn               (no ring)

@: no status effects
A: horns 2, retaliatory headbutt
a: no special abilities


You were on level 3 of the Dungeon.
You visited 1 branch of the dungeon, and saw 3 of its levels.

You collected 72 gold pieces.

Inventory:

Hand Weapons
 a - a +0 long sword (weapon)
 q - a +0 great sword
Armour
 b - a +0 scale mail
 c - a +0 buckler (worn)
 e - a +2 chain mail (worn)
 h - a +0 chain mail
Jewellery
 f - an amulet of regeneration (around neck)
 r - an amulet of regeneration
Scrolls
 k - a scroll of identify
 m - a scroll of teleportation
 p - a scroll of vulnerability {unknown}
Potions
 d - a potion of might
 g - a potion of degeneration {unknown}
 i - a potion of lignification {unknown}
 j - a potion of resistance {unknown}
 n - a potion of curing {unknown}


   Skills:
 + Level 4.7 Fighting
 + Level 4.3 Long Blades
 + Level 4.8 Armour
 + Level 4.1 Shields


You had 4 spell levels left.
You didn't know any spells.
Your spell library was empty.

Dungeon Overview and Level Annotations

Branches:
Dungeon (3/15)

Altars:

Annotations:
D:3 1 runed translucent door, GloriousHammer's ghost, amateur HOFi


Innate Abilities, Weirdness & Mutations

You have a pair of horns on your head.
You reflexively headbutt those who attack you in melee.


Message History

It was a scroll of fear.
As you read the scroll labelled QELYGH NUOROMM, it crumbles to dust.
It is a scroll of identify.
m - a scroll of teleportation
As you read the scroll labelled COH WUMUFAIR, it crumbles to dust.
It is a scroll of amnesia.
You feel forgetful for a moment.
i - a bubbling brown potion
k - a scroll of identify
Found a stone staircase leading down.
Found 13 gold pieces.
A worm comes into view.
Found 2 silver boomerangs. 2 orcs come into view.
An orc is wielding a +0 whip of electrocution.
The orc shouts! x2
An orc priest comes into view. It is wielding a +0 club.
The orc priest shouts!
The orc hits you with a +0 whip of electrocution.
The orc hits you with a +0 club.
You barely miss the orc.
The orc hits you with a +0 whip of electrocution.
You block the orc's attack.
The orc priest calls down the wrath of Beogh upon you.
Beogh smites you! You block the orc's attack.
The worm bites you but does no damage. The orc hits you but does no damage.
The orc closely misses you.
You closely miss the orc. Your headbutt misses the orc.
The orc hits you but does no damage. The orc priest barely misses you.
You block the worm's attack.
The orc hits you with a +0 whip of electrocution.
You are electrocuted!!
* * * LOW HITPOINT WARNING * * *
The orc hits you but does no damage.
You slash the orc!
You kill the orc!
The orc priest invokes the aid of Beogh against you.
Beogh smites you!
You die...

#.........# #.........# #.#..
#.........###.#.# #####
#.........#.....##.....
#......................
#......................
########......................
#..............o..............
#.........#....)@o......$.....
#.........#....w..............
#.............................
#####.....#................(..
#PW#.....#..................o
#8$+.....#............####...
#P.#.............#^...>. #..
#####............#...... #.
#.##.##.......


You could see a worm, an orc priest and an orc.

Vanquished Creatures
  Natasha (twice) (D:2)
  An adder (D:2)
  4 gnolls
  A dart slug (D:2)
  An orc (D:3)
  5 ball pythons
  3 endoplasms
  4 giant cockroaches
  3 goblins
  12 hobgoblins
  3 jackals (D:1)
  2 quokkas
  4 bats
  5 frilled lizards (D:1)
  3 kobolds
  7 rats
60 creatures vanquished.

Notes
Turn   | Place    | Note
-------+----------+-------------------------------------------
     0 | D:1      | GigaChad the Minotaur Fighter began the quest for the Orb.
     0 | D:1      | Reached XP level 1. HP: 19/19 MP: 0/0
   135 | D:1      | Found a faded altar of an unknown god.
   148 | D:1      | Reached XP level 2. HP: 13/27 MP: 1/1
   337 | D:1      | Reached XP level 3. HP: 29/33 MP: 2/2
   822 | D:2      | Noticed Natasha
   833 | D:2      | Killed Natasha
   834 | D:2      | Reached XP level 4. HP: 26/41 MP: 3/3
  1099 | D:2      | Noticed Natasha
  1108 | D:2      | Killed Natasha
  1195 | D:3      | Reached XP level 5. HP: 33/47 MP: 4/4
  1224 | D:3      | Found a runed translucent door.
  1224 | D:3      | Noticed GloriousHammer's ghost (amateur HOFi)
  1278 | D:3      | Killed from afar by an orc priest

Illustrated notes

Levels and vault maps discovered:
D:1:      evilmike_arrival_crescent, layout_rooms,
          ebering_ecumenical_altar_webs, serial_glass, glass_columns_b,
          glass_columns_a, minmay_pentomino_p2
D:2:      layout_rooms, minmay_fountain_box, minmay_vboxes, uniq_natasha
D:3:      layout_rooms, gammafunk_ghost_grave, small_statue_intersection

Skill      XL: |  1  2  3  4 |
---------------+-------------+-----
Fighting       | 4 |  4.7
Shields        | 4 |  4.1
Armour         | 4 |  4.8
Long Blades    | 3 4 |  4.3

Action                   |  1- 3 |  4- 6 || total
-------------------------+-------+-------++-------
Melee: Long sword        |    96 |    44 ||   140
       Headbutt          |    11 |     7 ||    18
  Use: Scroll            |       |     5 ||     5
Armor: Chain mail        |    73 |    31 ||   104
       Scale mail        |     5 |       ||     5
Dodge: Dodged            |    55 |    23 ||    78
Block: Buckler           |    30 |    21 ||    51
